 Dungeon Crawl Stone Soup version 0.29-a0-352-g0917bc69df (webtiles) character file.

Game seed: 12219768473277072380

161 spaghetti the Ducker (level 5, -9/40 HPs)
             Began as a Djinni Berserker on Apr 24, 2022.
             Was a Believer of Trog.
             Killed from afar by a white imp (16 damage)
             ... with a puff of frost
             ... on level 3 of the Dungeon.
             The game lasted 00:05:26 (3144 turns).

spaghetti the Ducker (Djinni Berserker)             Turns: 3144, Time: 00:05:26

Health: -9/40      AC:  2    Str: 16    XL:     5   Next: 70%
Gold:   187        EV: 14    Int: 14    God:    Trog [**....] SH:  0 Dex: 15

rFire   + + .      SeeInvis .   a - +0 falchion {long}
rCold   x . .      Faith    .   (no shield)
rNeg    . . .      Spirit   .   b - +0 animal skin
rPois   ∞          Reflect  .   (no helmet)
rElec   .          Harm     .   (no cloak)
rCorr   .          Rampage  .   (no gloves)
Will    .....                   (boots unavailable)
Stlth   +.........              (no amulet)
HPRegen 0.13/turn               q - +6 ring of intelligence
MPRegen 0.00/turn               (no ring)

@: on berserk cooldown, flying, slowed, very slow
A: sickness immunity, fire resistance 2, cold vulnerability 1, float, innate
caster, HP casting, extra vitality 1
a: Renounce Religion, Berserk, Trog's Hand


You were on level 3 of the Dungeon.
You worshipped Trog.
Trog was pleased with you.
You visited 1 branch of the dungeon, and saw 3 of its levels.

You collected 187 gold pieces.


Innate Abilities, Weirdness & Mutations

You are immune to sickness and miasma.
You are immune to poison.
Your flesh is very heat resistant. (rF++)
You are vulnerable to cold. (rC-)
You float through the air rather than walking.
You learn spells naturally, not from books.
Your magical power is your life essence.
You have superior vitality. (+4 MHP)


   Skills:
 - Level 3.0 Fighting
 - Level 2.6 Long Blades
 - Level 2.0 Armour
 + Level 6.0 Dodging


You had one spell level left.
You knew the following spells:

 Your Spells              Type           Power      Damage    Failure   Level
a - Summon Small Mammal   Summ           0%         N/A       28%         1
b - Call Imp              Summ           0%         N/A       41%         2
Your spell library was empty.

Inventory:

Hand Weapons
 a - a +0 falchion (weapon) {long}
 c - a +0 dagger of flaming {short}
   (You took it off a goblin on level 1 of the Dungeon)
Missiles
 j - 2 atropa-tipped darts (quivered) {throwing}
 k - 33 stones {throwing}
 s - 5 datura-tipped darts {throwing}
Armour
 b - a +0 animal skin (worn)
Jewellery
 e - a ring of protection from fire
   (You found it on level 1 of the Dungeon)
 q - a +6 ring of intelligence (left hand)
   (You found it on level 2 of the Dungeon)
 t - an amulet of magic regeneration {@e2}
   (You found it on level 3 of the Dungeon)
Scrolls
 d - a scroll of summoning {unknown}
 l - a scroll of amnesia {unknown}
 m - a scroll of identify {unknown}
 p - 3 scrolls of vulnerability {unknown}
 r - a scroll of fog {unknown}
Potions
 f - 2 potions of berserk rage {unknown}
 g - a potion of invisibility {unknown}
 h - a potion of curing {unknown}
 i - a potion of flight {unknown}
 n - a potion of attraction {unknown}
 o - a potion of heal wounds {unknown}

Dungeon Overview and Level Annotations

Branches:
Dungeon (3/15)

Altars:

### ..) #.. #.#
#..# ##).###
##.##?. #@=.#.#
#.5#.##.#
.....##..#
#.....#.#.# ## #
#.....#.#.##.#..#
# ##......#.#.(.##
.# #......##†#
#.###.
#....?....###.....
......).........


You could see a white imp.


Message History

You are too injured to fight recklessly!
You are too injured to fight recklessly!
You are too injured to fight recklessly!
You are too injured to fight recklessly!
You are too injured to fight recklessly!
You are too injured to fight recklessly!
You are too injured to fight recklessly!
You are too injured to fight recklessly!
You are too injured to fight recklessly!
You are too injured to fight recklessly!
You hit the dart slug.
You kill the dart slug!
Trog accepts your kill.
You see here a dart slug corpse.
t - an amulet of magic regeneration {@e2} 😕 HP[+1] Key pressed, stopping explore.
A bullfrog comes into view.
The bullfrog gives a loud, deep croak!
You hear a shout!
You see here a ring of fire. 😎 HP[+1]
Your hp is fully restored (35).
A bullfrog is nearby!
The bullfrog hits you but does no damage.
The bullfrog barely misses you.
You closely miss the bullfrog. The bullfrog hits you. x2 😮 HP[-12]
You take 12 damage, and now have 23/35 hp.
MASSIVE DAMAGE!! (PAUSE)
You closely miss the bullfrog. The bullfrog misses you.
You hit the bullfrog but do no damage.
The bullfrog hits you but does no damage.
The bullfrog closely misses you.
You closely miss the bullfrog. The bullfrog closely misses you.
The bullfrog snags a nearby blue-tailed skink with its tongue.
The bullfrog closely misses you. 😮 HP[+1] Unknown command.
You barely miss the bullfrog. The bullfrog hits you. x2
* * * LOW HITPOINT WARNING * * *
😨 HP[-7]
You take 7 damage, and now have 17/35 hp.
You hit the bullfrog. The bullfrog closely misses you. x2
You hit the bullfrog. The bullfrog hits you.
* * * LOW HITPOINT WARNING * * *
😨 HP[-5]
You take 5 damage, and now have 12/35 hp.
Okay, then.
A red film seems to cover your vision as you go berserk!
You feel yourself moving faster!
You feel mighty! The bullfrog hits you.
* * * LOW HITPOINT WARNING * * *
The bullfrog closely misses you. 😨 HP[+4]
You now have 52 max hp (+17).
You regained 4 hp, and now have 16/52 hp.
You slash the bullfrog!
You hear a shout!
The bullfrog hits you.
* * * LOW HITPOINT WARNING * * *
😨 HP[-2]
You take 2 damage, and now have 14/52 hp.
You slash the bullfrog! The bullfrog hits you.
* * * LOW HITPOINT WARNING * * *
😱 HP[-4]
You take 4 damage, and now have 10/52 hp.
You slash the bullfrog!
You kill the bullfrog!
Trog accepts your kill.
An orc comes into view. It is wielding a +0 dagger.
Your Dodging skill increases to level 6!
You have reached level 5!
The power to cast Call Imp wells up from within.
Spell assigned to 'b'. 😱 HP[+2]
You now have 60 max hp (+8).
You regained 2 hp, and now have 12/60 hp.
You hit the orc. The orc hits you with a +0 dagger.
* * * LOW HITPOINT WARNING * * *
😱 HP[-3]
You take 3 damage, and now have 9/60 hp.
You closely miss the orc. You slash the orc!
You kill the orc!
Trog accepts your kill. 😱 HP[+1]
You start resting.
You feel a strong urge to attack something.
You feel your anger nearly subside.
You are no longer berserk.
You are exhausted.
You feel yourself slow down.
A white imp comes into view. 😱 HP[-3]
You now have 40 max hp (-20).
A white imp is nearby!
The white imp hits you but does no damage.
You barely miss the white imp. The white imp gestures at you.
The puff of frost hits you!
You feel a terrible chill!
You die...

Skill      XL: |  1  2  3  4 |
---------------+-------------+-----
Dodging        | 3 4 6 |  6.0
Fighting       | |  3.0
Long Blades    | |  2.6
Armour         | |  2.0

Action                   |  1- 3 |  4- 6 || total
-------------------------+-------+-------++-------
Melee: Falchion          |   102 |   100 ||   202
       Punch             |     1 |     1 ||     2
Invok: Berserk           |       |     1 ||     1
 Stab: Sleeping          |     3 |       ||     3
Armor: Animal skin       |    29 |    21 ||    50
Dodge: Dodged            |    89 |    79 ||   168

Levels and vault maps discovered:
D:1:      evilmike_arrival_crescent, layout_basic,
          dreamdust_ecumenical_altar_hidden_monk_grotto, minmay_crystal_water,
          minmay_misc_feat_chi, chequers_big_river, minmay_split_cup_large
D:2:      minmay_general_purpose_star, layout_rooms, serial_co_window_serial,
          co_window_paths_b, co_window_paths_b, co_window_corner_a,
          co_window_paths_a, co_window_corner_a, co_window_broadway_c,
          co_window_broadway_b, co_window_broadway_a, co_window_broadway_b,
          co_window_corner_cb, co_window_cross_2, glass_columns_b,
          glass_columns_c, glass_columns_a
D:3:      layout_basic, ashenzari_altar_1,
          mainiacjoe_overflow_concentric_impassable,
          mainiacjoe_overflow_two_lobes, minmay_pentomino_pile, uniq_jessica

Notes
Turn   | Place    | Note
-------+----------+-------------------------------------------
     0 | D:1      | spaghetti the Djinni Berserker began the quest for the Orb.
     0 | D:1      | Reached XP level 1. HP: 20/20 MP: 0/0
     0 | D:1      | magus.rc [v1.9.6]
   136 | D:1      | Reached XP level 2. HP: 16/25 MP: 0/0
   255 | D:1      | Reached skill level 3 in Dodging
   309 | D:1      | magus.rc [v1.9.6]
   426 | D:1      | Found a faded altar of an unknown god.
   938 | D:1      | Reached XP level 3. HP: 30/30 MP: 0/0
   938 | D:1      | Learned a level 1 spell: Summon Small Mammal
  1258 | D:1      | Reached skill level 4 in Dodging
  1470 | D:2      | Reached XP level 4. HP: 26/35 MP: 0/0
  2219 | D:2      | Reached ** piety under Trog
  2972 | D:3      | Reached skill level 5 in Dodging
  3121 | D:3      | Noticed a bullfrog
  3132 | D:3      | HP: 10/52 [bullfrog (4)]
  3133 | D:3      | Killed a bullfrog
  3134 | D:3      | Reached skill level 6 in Dodging
  3134 | D:3      | Reached XP level 5. HP: 12/40 MP: 0/0
  3134 | D:3      | Learned a level 2 spell: Call Imp
  3144 | D:3      | Killed from afar by a white imp

Vanquished Creatures
  A bullfrog (D:3)
  3 adders (D:2)
  A worm (D:2)
  4 dart slugs
  6 orcs (D:3)
  2 endoplasms (D:1)
  4 giant cockroaches
  4 goblins
  5 hobgoblins
  A quokka (D:1)
  6 ball pythons
  8 bats
  3 frilled lizards (D:1)
  2 kobolds (D:2)
  5 rats
55 creatures vanquished.

Table legend:
 A = Non-vault XP
 B = Vault XP
 C = Vault XP percentage of total XP
 D = Non-vault monster count
 E = Vault monster count
 F = Vault count percentage of total count
                 A         B        C        D         E       F
            +---------+---------+-------+---------+---------+-------
      Total |     118 |     112 |  48.7 |      46 |       9 |  16.4
            +---------+---------+-------+---------+---------+-------
        D:1 |      41 |       7 |  14.6 |      24 |       4 |  14.3
        D:2 |      51 |       8 |  13.6 |      12 |       3 |  20.0
        D:3 |      26 |      97 |  78.9 |      10 |       2 |  16.7
            +---------+---------+-------+---------+---------+-------

Illustrated notes

Table legend:
 A = Kills in this place as a percentage of kills in entire the game.
 B = Kills by you in this place as a percentage of kills by you in the entire game.
 C = Kills by friends in this place as a percentage of kills by friends in the entire game.
 D = Other kills in this place as a percentage of other kills in the entire game.
 E = Experience gained in this place as a percentage of experience gained in the entire game.
 F = Experience gained in this place divided by the number of levels of this place that you have seen.
                   A       B       C       D       E      F
               +-------+-------+-------+-------+-------+----------------------
         Total | 100.0 | 100.0 |   N/A |   N/A | 100.0 |  76.7
       Dungeon | 100.0 | 100.0 |   N/A |   N/A | 100.0 |  76.7
               +-------+-------+-------+-------+-------+----------------------

Table legend: (Time is in decaauts)
 A = Elapsed time spent in this place.
 B = Non-inter-level travel time spent in this place.
 C = Inter-level travel time spent in this place.
 D = Time resting spent in this place.
 E = Time spent auto-exploring this place.
 F = Levels seen in this place.
 G = Mean time per level.
                   A        B        C        D        E       F      G
               +--------+--------+--------+--------+--------+-----+--------+
         Total |   3174 |   3141 |     33 |    733 |   1959 |   3 | 1058.0 |
       Dungeon |   3174 |   3141 |     33 |    733 |   1959 |   3 | 1058.0 |
               +--------+--------+--------+--------+--------+-----+--------+

Top non-repeatable levels by time:
     D:2: 1461 daAuts
     D:1: 1403 daAuts
     D:3: 309 daAuts
